 Dungeon Crawl Stone Soup version 0.29-a0-330-g52719c12eb (webtiles) character file.

Game seed: 18313721996574937222

36 Flugslaktarn the Stinger (level 3, -2/24 HPs)
             Began as a Human Venom Mage on Apr 12, 2022.
             Slain by a black bear (4 damage)
             ... on level 5 of the Dungeon.
             The game lasted 00:03:21 (658 turns).

Flugslaktarn the Stinger (Human Venom Mage)          Turns: 658, Time: 00:03:21

Health: -2/24      AC:  3    Str:  8    XL:     3   Next: 57%
Magic:  5/6        EV: 12    Int: 17    God:
Gold:   45         SH:  0    Dex: 13    Spells: 3/6 levels left

rFire   . . .      SeeInvis .   i - +1 hunting sling
rCold   . . .      Faith    .   (no shield)
rNeg    . . .      Spirit   .   a - +0 robe
rPois   .          Reflect  .   (no helmet)
rElec   .          Harm     .   e - +0 cloak
rCorr   .          Rampage  .   (no gloves)
Will    .....                   (no boots)
Stlth   ++........              (no amulet)
HPRegen 0.08/turn               (no ring)
MPRegen 0.10/turn               (no ring)

@: marked
A: no striking features
a: no special abilities


You were on level 5 of the Dungeon.
You visited 1 branch of the dungeon, and saw 5 of its levels.

You collected 71 gold pieces.
You spent 26 gold pieces at shops.

Inventory:

Hand Weapons
 c - a +0 whip
   (You found it on level 1 of the Dungeon)
 i - a +1 hunting sling (weapon)
   (You found it on level 1 of the Dungeon)
 r - a +1 trident of protection
   (You found it on level 5 of the Dungeon)
 s - a +0 morningstar
   (You took it off an orc on level 3 of the Dungeon)
Missiles
 g - 98 stones
 l - 5 boomerangs
Armour
 a - a +0 robe (worn)
 e - a +0 cloak (worn)
   (You found it on level 3 of the Dungeon)
 m - +0 pearl dragon scales
   (You found it on level 2 of the Dungeon)
 o - an orb of guile
   (You found it on level 3 of the Dungeon)
 v - a +0 buckler
   (You found it on level 5 of the Dungeon)
Scrolls
 f - a scroll of magic mapping
 j - a scroll of enchant weapon
 k - a scroll of noise {unknown}
 p - a scroll of fear {unknown}
Potions
 b - 2 potions of magic
 d - a potion of brilliance
 h - 2 potions of haste
 n - a potion of attraction {unknown}
 q - a potion of curing
 u - 2 potions of might {unknown}


   Skills:
 - Level 2.0 Dodging
 - Level 2.0 Stealth
 + Level 2.3 Spellcasting
 - Level 2.0 Transmutations
 * Level 1.2 Air Magic
 + Level 3.3 Poison Magic


You had 3 spell levels left.
You knew the following spells:

 Your Spells              Type           Power      Damage    Failure   Level
a - Sting                 Tmut/Pois      40%        1d5       6%          1
b - Poisonous Vapours     Pois/Air       18%        N/A       11%         2

Your spell library contained the following spells:

 Spells                   Type           Power      Damage    Failure   Level
 Magic Dart               Conj           4%         1d3       19%         1
 Searing Ray              Conj           2%         2d4       28%         2
 Mephitic Cloud           Conj/Pois/Air  7%         N/A       30%         3
 Gell's Gravitas          Tloc           1%         N/A       50%         3
 Lesser Beckoning         Tloc           1%         N/A       50%         3
 Teleport Other           Tloc           1%         N/A       50%         3
 Olgreb's Toxic Radiance  Pois           13%        N/A       43%         4
 Fulminant Prism          Conj/Hex       0%         3d6       88%         4


Dungeon Overview and Level Annotations

Branches:
Dungeon (5/15)
 Temple: D:4-7

Altars:
Ashenzari
Ru

Shops:
D:1 *   D:5 [

Annotations:
D:3 1 runed translucent door, jt's ghost, weakling VSFi
D:4 Blork the orc


Message History

The white imp attacks as you move away! The white imp hits you.
The white imp freezes you.
* * * LOW HITPOINT WARNING * * *
Your surroundings suddenly seem different.
An adder comes into view.
Unknown command.
As you read the scroll labelled GURGHA CIAG, it crumbles to dust.
It is a scroll of identify.
l - a potion of curing;
q - a potion of curing;
l - 5 boomerangs
r - a scroll of identify;
e - a +0 cloak (worn)
As you read the scroll of identify, it crumbles to dust.
k - 2 potions of haste;
h - 2 potions of haste
k - a scroll labelled MUETOI UDAIXIW
As you read the scroll labelled REMUNU FATZECHIQIBB, it crumbles to dust.
You feel aware of your surroundings.
You sensed 1 shop/portal.
It was a scroll of magic mapping.
Unknown command.
Unknown command.
Unknown command.
Found an orange potion.
u - 2 orange potions (gained 1)
Found a runed trident.
Found 16 gold pieces.
Found Jipa's Armour Shop.
Found 11 gold pieces.
You see here a +1 trident of protection.
r - a +1 trident of protection
Okay, then.
There is an entrance to Jipa's Armour Shop here.
You can access your shopping list by pressing '$'.
Unknown command.
Unknown command.
You feel a little less clever now.
Found a buckler and a ring mail.
You see here a +0 buckler.
v - a +0 buckler
Found a ring mail.
You see here a +0 ring mail.
There is a stone staircase leading up here.
You climb upwards.
The iguana hisses angrily.
Found a fizzy golden potion.
There is a stone staircase leading down here.
Casting: Sting (safe; 6% risk of failure)
Confirm with . or Enter, or press ? or * to list all spells.
Aiming: Sting (safe; 6% risk of failure)
Press: ? - help, Shift-Dir - straight line, f - goblin
Aim: a goblin, wielding a +0 club (asleep, 100% to hit)
The sting hits the goblin.
The goblin is poisoned.
The goblin is moderately wounded.
The goblin shouts!
The endoplasm quivers.
You feel a bit more experienced.
Blork the orc comes into view.
He is wielding a +0 scimitar.
An orc comes into view. It is wielding a +0 club.
As you read the scroll of teleportation, it crumbles to dust.
You feel strangely unstable. The iguana barely misses you.
Unknown command.
The iguana attacks as you move away! The iguana barely misses you.
Your surroundings suddenly seem different.
Things that are here:
a +0 club; a goblin corpse Unknown command.
Found a stone staircase leading down.
You see here a fizzy golden potion.
The endoplasm attacks as you move away!
The endoplasm hits you but does no damage.
Casting: Sting (safe; 6% risk of failure)
Confirm with . or Enter, or press ? or * to list all spells.
Aiming: Sting (safe; 6% risk of failure)
Press: ? - help, Shift-Dir - straight line, f - endoplasm
Aim: an endoplasm (98% to hit)
The sting hits the endoplasm.
The endoplasm partially resists.
The endoplasm is moderately wounded.
The endoplasm closely misses you.
Found 6 poisoned darts.
There is a stone staircase leading down here.
The endoplasm freezes you.
You are frozen.
You climb downwards.
A sourceless malevolence fills the Dungeon...
With a horrendous wail, an alarm goes off!
A sentinel's mark forms upon you.
The white imp shouts, "Slither home, thou bumbling ruttish cross-patch!"
The black bear growls angrily.
You hear an angry hiss.
You hear a howl!
You hear a bark! x2; You hear an angry hiss.
You hear a shout! x2
You hear an angry hiss.
The white imp closely misses you. The white imp gestures at you.
The puff of frost misses you. The black bear bites you.
The black bear claws you.
* * * LOW HITPOINT WARNING * * *
The black bear closely misses you.
There is a stone staircase leading up here.
The white imp attacks as you move away! The white imp hits you.
* * * LOW HITPOINT WARNING * * *
The white imp freezes you.
* * * LOW HITPOINT WARNING * * *
The black bear bites you but does no damage.
The black bear claws you.
You die...

********#.....* **,,****,*
*,,,,,,,..#...* **,,* *,*
*,******##..#.#### *,.,****,***
..#***,,.........#####.#,*,,,,*,,
.?....,,................,,,,,,,,,
....!.,,.#..............,,,,,,,,,
###...,*..........#....#,,,,>,,**
*,##***#.....J5...#***,,,,,,,*
***,****.......h@5### **,,,,,**
*,,,**,,......###..# **,,,,,**
,,,,,,,,..###.* *#.#****,,,,,,,*
,,,****,#** #,***,...,,,,,,,,,,*
,**,,,,,* *,,,,,,...,,,,,,,,,*
,*,,***** *****,,.....,,,,,,**
,,,** *,,,....,,,,,** ,***
*,,,....,,**** ** ***********


You could see a black bear, 2 white imps and an endoplasm.

Vanquished Creatures
  An adder (D:5)
  A dart slug (D:1)
  An orc (D:3)
  3 ball pythons
  3 endoplasms
  3 goblins
  2 hobgoblins
  A bat (D:2)
  7 frilled lizards (D:3)
  2 kobolds
  2 rats
26 creatures vanquished.

Notes
Turn   | Place    | Note
-------+----------+-------------------------------------------
     0 | D:1      | Flugslaktarn the Human Venom Mage began the quest for the
                  | Orb.
     0 | D:1      | Reached XP level 1. HP: 13/13 MP: 3/3
   108 | D:1      | Reached XP level 2. HP: 13/19 MP: 1/5
   160 | D:1      | Found Sepp's Assorted Antiques.
   173 | D:1      | Bought a scroll labelled DUICKU WUSY for 26 gold pieces
   283 | D:2      | Learned a level 2 spell: Poisonous Vapours
   357 | D:3      | Found a broken altar of Ashenzari.
   382 | D:3      | Found a runed translucent door.
   387 | D:3      | Noticed jt's ghost (weakling VSFi)
   407 | D:3      | Found a sacrificial altar of Ru.
   421 | D:3      | Reached XP level 3. HP: 24/24 MP: 6/6
   540 | D:5      | Entered Level 5 of the Dungeon
   544 | D:5      | Reached skill level 1 in Air Magic
   594 | D:5      | Found Jipa's Armour Shop.
   639 | D:4      | Noticed Blork the orc
   657 | D:5      | Noticed a black bear
   658 | D:5      | Slain by a black bear

Illustrated notes

Levels and vault maps discovered:
D:1:      elethiomel_arrival_shortcut, layout_basic,
          hellmonk_ecumenical_altar_run_dry, serial_shops,
          nicolae_shop_hallway_stairs, feat_on_display
D:2:      layout_loops_ring, lexackson_kobold_supper
D:3:      layout_rooms, nicolae_ru_awakened_eye, nicolae_ashenzari_skybound,
          nicolae_elyvilon_peaceful_grove, lemuel_tele_altar,
          ebering_ghost_sewer_f, minmay_lizard_king, uniq_jessica
D:4:      layout_loops_ring, uniq_menkaure, uniq_blork_the_orc, uniq_robin
D:5:      layout_rooms, serial_shops, shop

Skill      XL: |  1  2  3 |
---------------+----------+-----
Transmutations | 2 |  2.0
Air Magic      | 1 |  1.2
Dodging        | |  2.0
Stealth        | |  2.0
Spellcasting   | |  2.3
Poison Magic   | |  3.3

Action                   || total
-------------------------++-------
Melee: Whip              ||     8
 Fire: Hunting sling     ||    24
 Cast: Sting             ||    26
  Use: Scroll            ||     6
       Potion            ||     1
Armor: Robe              ||     5
Dodge: Dodged            ||    14

Table legend: (Time is in decaauts)
 A = Elapsed time spent in this place.
 B = Non-inter-level travel time spent in this place.
 C = Inter-level travel time spent in this place.
 D = Time resting spent in this place.
 E = Time spent auto-exploring this place.
 F = Levels seen in this place.
 G = Mean time per level.
                   A        B        C        D        E       F      G
               +--------+--------+--------+--------+--------+-----+--------+
         Total |    672 |    672 |      0 |      0 |      0 |   5 |  134.4 |
       Dungeon |    672 |    672 |      0 |      0 |      0 |   5 |  134.4 |
               +--------+--------+--------+--------+--------+-----+--------+

Top non-repeatable levels by time:
     D:3: 203 daAuts
     D:1: 178 daAuts
     D:2: 113 daAuts
     D:5: 98 daAuts
     D:4: 78 daAuts
